 Dungeon Crawl Stone Soup version 0.30-a0-311-gf115ab0292 (webtiles) character file.

Game seed: 17683316914249239537

32 kae the Trooper (level 3, 0/31 HPs)
             Began as a Ghoul Fighter on Oct 25, 2022.
             Slain by a goblin
             ... wielding a +0 club
             ... led by Robin
              (3 damage)
             ... on level 2 of the Dungeon.
             The game lasted 00:00:52 (982 turns).

kae the Trooper (Ghoul Fighter)                      Turns: 982, Time: 00:00:52

Health: 0/31       AC:  6    Str: 18 (19) XL:     3   Next: 27%
Magic:  2/2        EV:  9    Int:  4 (5)  God:
Gold:   70         SH:  0    Dex:  5 (8)  Spells: 2/2 levels left

rFire   . . .      SeeInvis .      - Unarmed
rCold   + . .      Faith    .    (no shield)
rNeg    + + +      Spirit   .    a - +0 scale mail
rPois   ∞          Reflect  .    (no helmet)
rElec   .          Harm     .    (no cloak)
rCorr   .          Rampage  .    (no gloves)
Will    .....                    (no boots)
Stlth   ..........               (no amulet)
HPRegen 0.00/turn                (no ring)
MPRegen 0.08/turn                (no ring)

@: mighty, inhibited regen
A: claws 1, cold resistance 1, negative energy resistance 3, inhibited
regeneration, torment resistance 2, devour on kill
a: no special abilities


You were on level 2 of the Dungeon.
You visited 1 branch of the dungeon, and saw 2 of its levels.

You collected 70 gold pieces.


Innate Abilities, Weirdness & Mutations

You are immune to poison.
You have sharp fingernails.
Your flesh is cold resistant. (rC+)
You are immune to negative energy. (rN+++)
You do not regenerate when monsters are visible.
You are immune to unholy pain and torment.
You thrive by killing the living.


   Skills:
 + Level 3.6 Fighting
 + Level 3.0 Armour
 + Level 0.9 Dodging
 - Level 2.6 Shields
 * Level 3.0 Unarmed Combat


You had 2 spell levels left.
You didn't know any spells.
Your spell library contained the following spells:

 Spells                   Type           Power      Damage    Failure   Level
 Apportation              Tloc           0%         N/A       87%         1
 Necrotise                Necr           0%         1d4       87%         1
 Summon Small Mammal      Summ           0%         N/A       87%         1
 Vampiric Draining        Necr           0%         2d6       99%         3
 Agony                    Necr           0%         N/A       100%        5

Inventory:

Missiles
 g - 5 stones (quivered)
Armour
 a - a +0 scale mail (worn)
 b - a +0 buckler
Scrolls
 f - a scroll of teleportation {@r4}
Potions
 d - a potion of curing {@q1}

Dungeon Overview and Level Annotations

Branches:
Dungeon (2/15) Zot: 11013

Altars:

Annotations:
D:2 Robin

#. .# ##. .##
.g#>. .g. #)# #†#
##.##
#.#######...###.
.....Sg@gg.......
#.#######...###.#
##.## #.# #.# #..
##


You could see Robin, 2 goblins and a ball python.


Message History

The dart slug launches a dart at you.
The slug dart hits you but does no damage.
You claw the dart slug!
You kill the dart slug!
The hobgoblin barely misses you.
Robin of the Strong Arm comes into view.
They are wielding a +0 club.
Your Unarmed Combat skill increases to level 3!
You scratch the hobgoblin.
Robin roars a battlecry!
The goblins go into a battle-frenzy!
The hobgoblin hits you.
A hobgoblin comes into view.
You hear a shout! 😮 HP[-2]
You take 2 damage, and now have 20/31 hp.
You claw the hobgoblin!
You kill the hobgoblin!
You feel better. 😮 HP[+3]
You regained 3 hp, and now have 23/31 hp.
You closely miss the hobgoblin. The hobgoblin hits you. 😮 HP[-6]
You take 6 damage, and now have 17/31 hp.
You barely miss the hobgoblin. The hobgoblin closely misses you.
Robin throws the goblin at you! The goblin barely misses you.
You claw the hobgoblin!
You kill the hobgoblin!
You feel better. The goblin misses you. 😮 HP[+2]
You regained 2 hp, and now have 19/31 hp.
It was a potion of degeneration.
There was something very wrong with that liquid.
You feel weakened.
You feel dopey.
You feel clumsy.
A goblin comes into view. It is wielding a +0 club.
The goblin closely misses you.
You scratch the goblin. The hobgoblin closely misses you.
The goblin completely misses you. Robin throws the goblin at you!
The goblin hits you with a +0 club.
A goblin comes into view.
It is wielding a +1 dagger of venom. 😮 HP[-1]
You take 1 damage, and now have 18/31 hp.
Okay, then.
The goblin attacks as you move away! The goblin closely misses you.
Robin throws the goblin at you! The goblin hits you with a +0 club.
* * * LOW HITPOINT WARNING * * *
The goblin shouts! 😨 HP[-3]
You take 3 damage, and now have 15/31 hp.
The goblin attacks as you move away! The goblin barely misses you.
The goblin hits you with a +1 dagger of venom.
* * * LOW HITPOINT WARNING * * *
😨 HP[-2]
You take 2 damage, and now have 13/31 hp.
The goblin attacks as you move away! The goblin completely misses you.
The goblin attacks as you move away!
The goblin hits you with a +1 dagger of venom.
* * * LOW HITPOINT WARNING * * *
😨 HP[-1]
You take 1 damage, and now have 12/31 hp.
You feel very mighty all of a sudden.
The hobgoblin hits you but does no damage.
You closely miss the hobgoblin.
The hobgoblin hits you but does no damage.
You barely miss the hobgoblin. The hobgoblin barely misses you.
You claw the hobgoblin!
You kill the hobgoblin!
You feel better.
A ball python comes into view.
Your Armour skill increases to level 3! 😨 HP[+3]
You regained 3 hp, and now have 15/31 hp.
The ball python hisses angrily.
You claw the goblin!
You kill the goblin!
Robin throws the goblin at you!
You closely miss the goblin. The goblin hits you but does no damage.
The goblin closely misses you.
You closely miss the goblin. You barely miss the goblin.
The goblin no longer looks unusually strong.
The goblin hits you with a +0 club.
* * * LOW HITPOINT WARNING * * *
The goblin hits you with a +1 dagger of venom.
* * * LOW HITPOINT WARNING * * *
😨 HP[-7]
You take 7 damage, and now have 8/31 hp.
MASSIVE DAMAGE!! (PAUSE)
You closely miss the goblin. The goblin hits you with a +0 club.
* * * LOW HITPOINT WARNING * * *
The goblin hits you with a +1 dagger of venom.
* * * LOW HITPOINT WARNING * * *
😱 HP[-5]
You take 5 damage, and now have 3/31 hp.
You barely miss the goblin.
The goblin no longer looks unusually strong.
The goblin hits you but does no damage. x2
You feel mightier all of a sudden. The goblin closely misses you. x2
You miss the goblin. The goblin hits you with a +0 club.
You die...

Skill      XL: |  1  2  3 |
---------------+----------+-----
Unarmed Combat | 3 |  3.0
Armour         | 3 |  3.0
Fighting       | |  3.6
Dodging        | |  0.9
Shields        | |  2.6

Action                   || total
-------------------------++-------
Melee: Unarmed           ||    83
       Punch             ||     1
  Use: Scroll            ||     3
       Potion            ||     3
Armor: Scale mail        ||    46
Dodge: Dodged            ||    44

Levels and vault maps discovered:
D:1:      zaba_arrival_water, layout_basic, chequers_ecumenical_altar_island
D:2:      mumra_celtic_spiral_tile, layout_loops_ring, minmay_misc_feat_cross,
          uniq_robin

Notes
Turn   | Place    | Note
-------+----------+-------------------------------------------
     0 | D:1      | kae the Ghoul Fighter began the quest for the Orb.
     0 | D:1      | Reached XP level 1. HP: 19/19 MP: 0/0
     0 | D:1      | magus.rc [v1.11.3]
    71 | D:1      | You pick up a book of Cantrips and begin reading...
    71 | D:1      | You add the spells Necrotise, Summon Small Mammal and
                  | Apportation to your library.
   195 | D:1      | Found a faded altar of an unknown god.
   325 | D:1      | Reached XP level 2. HP: 26/26 MP: 1/1
   375 | D:1      | You pick up a book of Necromancy and begin reading...
   375 | D:1      | You add the spells Vampiric Draining and Agony to your
                  | library.
   956 | D:2      | Reached XP level 3. HP: 26/31 MP: 2/2
   960 | D:2      | Noticed Robin
   961 | D:2      | Reached skill level 3 in Unarmed Combat
   975 | D:2      | Reached skill level 3 in Armour
   979 | D:2      | HP: 4/31 [goblin/+0 club[Robin] (4)]
   982 | D:2      | Slain by a goblin

Vanquished Creatures
  A dart slug (D:2)
  5 bats (D:1)
  8 goblins
  6 hobgoblins
  2 ball pythons (D:1)
  3 frilled lizards (D:1)
  3 rats (D:1)
28 creatures vanquished.

Table legend:
 A = Non-vault XP
 B = Vault XP
 C = Vault XP percentage of total XP
 D = Non-vault monster count
 E = Vault monster count
 F = Vault count percentage of total count
                 A         B        C        D         E       F
            +---------+---------+-------+---------+---------+-------
      Total |      35 |      12 |  25.5 |      22 |       6 |  21.4
            +---------+---------+-------+---------+---------+-------
        D:1 |      31 |       0 |   0.0 |      21 |       0 |   0.0
        D:2 |       4 |      12 |  75.0 |       1 |       6 |  85.7
            +---------+---------+-------+---------+---------+-------

Illustrated notes

Table legend:
 A = Kills in this place as a percentage of kills in entire the game.
 B = Kills by you in this place as a percentage of kills by you in the entire game.
 C = Kills by friends in this place as a percentage of kills by friends in the entire game.
 D = Other kills in this place as a percentage of other kills in the entire game.
 E = Experience gained in this place as a percentage of experience gained in the entire game.
 F = Experience gained in this place divided by the number of levels of this place that you have seen.
                   A       B       C       D       E      F
               +-------+-------+-------+-------+-------+----------------------
         Total | 100.0 | 100.0 |   N/A |   N/A | 100.0 |  23.5
       Dungeon | 100.0 | 100.0 |   N/A |   N/A | 100.0 |  23.5
               +-------+-------+-------+-------+-------+----------------------

Table legend: (Time is in decaauts)
 A = Elapsed time spent in this place.
 B = Non-inter-level travel time spent in this place.
 C = Inter-level travel time spent in this place.
 D = Time resting spent in this place.
 E = Time spent auto-exploring this place.
 F = Levels seen in this place.
 G = Mean time per level.
                   A        B        C        D        E       F      G
               +--------+--------+--------+--------+--------+-----+--------+
         Total |    986 |    963 |     23 |      3 |    793 |   2 |  493.0 |
       Dungeon |    986 |    963 |     23 |      3 |    793 |   2 |  493.0 |
               +--------+--------+--------+--------+--------+-----+--------+

Top non-repeatable levels by time:
     D:1: 951 daAuts
     D:2: 34 daAuts
